 Dungeon Crawl Stone Soup version 0.27-a0-1177-g245c70e1c0 (webtiles) character file.

Game seed: 4586111851180738179

45 Glokmah the Bolt Thrower (level 3, -1/21 HPs)
             Began as a Kobold Arcane Marksman on May 16, 2021.
             Slain by an adder (2 damage)
             ... on level 2 of the Dungeon.
             The game lasted 00:05:01 (1810 turns).

Glokmah the Bolt Thrower (Kobold Arcane Marksman)   Turns: 1810, Time: 00:05:01

Health: -1/21      AC:  8    Str:  7    XL:     3   Next: 90%
Magic:  4/4        EV: 12    Int: 15    God:
Gold:   38         SH:  0    Dex: 15    Spells: 0/4 levels left

rFire    . . .     SeeInvis .   a - +0 hand crossbow
rCold    + . .     Faith    .   (shield restricted)
rNeg     . . .     Spirit   .   j - +1 ring mail {rC+}
rPois    .         Reflect  .   m - +0 helmet
rElec    .         Harm     .   (no cloak)
rCorr    .         Rampage  .   (no gloves)
Will     .....                  f - +0 pair of boots
Stlth    ++........             (no amulet)
HPRegen  0.07/turn              (no ring)
MPRegen  0.09/turn              (no ring)

@: lethally poisoned (-1 -> -7)
A: small, no large weapons, nightstalker 3
a: no special abilities


You were on level 2 of the Dungeon.
You visited 1 branch of the dungeon, and saw 2 of its levels.

You collected 38 gold pieces.

Inventory:

Hand Weapons
 a - a +0 hand crossbow (weapon)
 b - a +0 dagger
Missiles
 d - 22 bolts (quivered ammo)
Armour
 f - a +0 pair of boots (worn)
 j - a +1 ring mail of cold resistance (worn)
 m - a +0 helmet (worn)
Jewellery
 e - a ring of protection from fire
 i - a ring of poison resistance
 n - an amulet of faith
Scrolls
 g - 4 scrolls of identify {unknown}
 k - 2 scrolls of immolation
Potions
 c - a potion of cancellation {unknown}
 h - a potion of attraction {unknown}
 l - a potion of haste {unknown}


   Skills:
 + Level 1.7 Fighting
 * Level 3.3 Crossbows
 - Level 2.4 Dodging
 * Level 2.4 Stealth
 + Level 1.2 Spellcasting
 + Level 3.2 Hexes


You couldn't memorise any spells.
You knew the following spells:

 Your Spells              Type           Power      Damage    Failure   Level
a - Corona                Hex            11%        N/A       22%         1
b - Inner Flame           Hex/Fire       5%         N/A       78%         3

Your spell library contained the following spells:

 Spells                   Type           Power      Damage    Failure   Level
 Slow                     Hex            10%        N/A       34%         2
 Summon Small Mammal      Summ           0%         N/A       65%         1
 Call Imp                 Summ           0%         N/A       78%         2
 Portal Projectile        Hex/Tloc       10%        N/A       78%         3
 Summon Guardian Golem    Hex/Summ       5%         N/A       78%         3
 Cause Fear               Hex            5%         N/A       92%         4
 Call Canine Familiar     Summ           0%         N/A       95%         3
 Leda's Liquefaction      Hex/Erth       2%         N/A       99%         4
 Summon Ice Beast         Ice/Summ       0%         N/A       100%        4
 Summon Lightning Spire   Summ/Air       0%         N/A       100%        4


Dungeon Overview and Level Annotations

Branches:
Dungeon (2/15)

Altars:


Innate Abilities, Weirdness & Mutations

You are small and have problems with some larger weapons.
You are completely attuned to the shadows.


Message History

The adder is heavily wounded.
The adder bites you.
You barely miss the adder.
The adder is heavily wounded.
The adder bites you but does no damage. The adder closely misses you.
You miss the adder.
The adder is heavily wounded.
The adder misses you.
You hit the adder but do no damage.
The adder is heavily wounded.
The adder bites you but does no damage.
You miss the adder.
The adder is heavily wounded.
The adder bites you.
You are poisoned.
The adder poisons you! The adder closely misses you.
You closely miss the adder.
The adder is heavily wounded.
You feel sick. The adder bites you.
You are lethally poisoned!
The adder poisons you!
a - a +0 hand crossbow (weapon)
You feel sick. The adder misses you.
Fire: 24 bolts
Press: ? - help, Q - select action, (/) - cycle Shift-Dir - straight line, f - adder
Aim: an adder (heavily wounded, 46% to hit)
You shoot a bolt. The bolt barely misses the adder.
You feel very sick. The adder barely misses you.
Fire: 23 bolts
Press: ? - help, Q - select action, (/) - cycle Shift-Dir - straight line, f/p - adder
Aim: an adder (heavily wounded, 46% to hit)
You shoot a bolt. The bolt hits the adder.
The adder is severely wounded.
* * * LOW HITPOINT WARNING * * *
You feel very sick. The adder bites you.
* * * LOW HITPOINT WARNING * * *
The adder bites you.
You die...

#.###.#......
###############.####.#.####
#...)...##......>......#
.....##........[....##.#
..##.####.......###.##.#
####.# #..########.##.# #.#
#..# #....##.# #.# #..#
#.#### #.# #@# ...S.#
...... #(..... #.[#.###


You could see an adder.

Vanquished Creatures
  A gnoll (D:1)
  3 ball pythons (D:1)
  An endoplasm (D:2)
  2 giant cockroaches
  4 goblins
  4 hobgoblins (D:1)
  3 jackals (D:1)
  2 kobolds (D:1)
  2 quokkas (D:1)
  2 bats (D:1)
  6 rats (D:1)
30 creatures vanquished.

Notes
Turn   | Place    | Note
-------+----------+-------------------------------------------
     0 | D:1      | Glokmah the Kobold Arcane Marksman began the quest for the
                  | Orb.
     0 | D:1      | Reached XP level 1. HP: 12/12 MP: 2/2
    36 | D:1      | Found a faded altar of an unknown god.
   148 | D:1      | Reached skill level 1 in Stealth
   148 | D:1      | Reached XP level 2. HP: 16/16 MP: 3/3
   788 | D:1      | Reached XP level 3. HP: 20/20 MP: 4/4
   797 | D:1      | Learned a level 3 spell: Inner Flame
  1810 | D:2      | HP: 1/21 [adder (3)]
  1810 | D:2      | Slain by an adder

Illustrated notes

Levels and vault maps discovered:
D:1:      lightli_arrival_chessboard, layout_loops_ring,
          hellmonk_ecumenical_altar_blasted, minmay_pentomino_q4
D:2:      layout_loops_ring, minmay_curled_crystal, uniq_sigmund

Skill      XL: |  1  2  3 |
---------------+----------+-----
Stealth        | 1 2 |  2.4
Crossbows      | 3 |  3.3
Fighting       | |  1.7
Dodging        | |  2.4
Spellcasting   | |  1.2
Hexes          | |  3.2

Action                   || total
-------------------------++-------
Melee: Spear             ||     8
       Dagger            ||    45
 Fire: Hand crossbow     ||    57
 Stab: Sleeping          ||     3
Armor: Leather armour    ||    12
       Ring mail         ||     9
Dodge: Dodged            ||    58

Table legend: (Time is in decaauts)
 A = Elapsed time spent in this place.
 B = Non-inter-level travel time spent in this place.
 C = Inter-level travel time spent in this place.
 D = Time resting spent in this place.
 E = Time spent auto-exploring this place.
 F = Levels seen in this place.
 G = Mean time per level.
                   A        B        C        D        E       F      G
               +--------+--------+--------+--------+--------+-----+--------+
         Total |   1826 |   1725 |    101 |    648 |    599 |   2 |  913.0 |
       Dungeon |   1826 |   1725 |    101 |    648 |    599 |   2 |  913.0 |
               +--------+--------+--------+--------+--------+-----+--------+

Top non-repeatable levels by time:
     D:1: 1677 daAuts
     D:2: 148 daAuts
